 Dungeon Crawl Stone Soup version 0.27-a0-1529-g1e82c303ef (webtiles) character file.

Game seed: 13422418107665403866

3 Sobieck the Shield-Bearer (level 1, -2/20 HPs)
             Began as a Deep Dwarf Fighter on July 11, 2021.
             Succumbed to a kobold's poison
             ... on level 1 of the Dungeon.
             The game lasted 00:00:19 (118 turns).

Sobieck the Shield-Bearer (Deep Dwarf Fighter)       Turns: 118, Time: 00:00:20

Health: -2/20      AC:  6    Str: 19    XL:     1   Next: 41%
Magic:  1/1        EV:  7    Int:  8    God:
Gold:   0          SH:  9    Dex: 12    Spells: 0/0 levels left

rFire    . . .     SeeInvis .   a - +0 war axe {axe}
rCold    . . .     Faith    .   c - +0 kite shield
rNeg     . . .     Spirit   .   b - +0 scale mail
rPois    .         Reflect  .   (no helmet)
rElec    .         Harm     .   (no cloak)
rCorr    .         Rampage  .   (no gloves)
Will     .....                  (no boots)
Stlth    ..........             (no amulet)
HPRegen  0.00/turn              (no ring)
MPRegen  0.07/turn              (no ring)

@: lethally poisoned (-2 -> -9)
A: damage resistance, heal wounds, sense surroundings 1, no regeneration
a: Heal Wounds


You were on level 1 of the Dungeon.
You visited 1 branch of the dungeon, and saw 2 of its levels.


Innate Abilities, Weirdness & Mutations

You are resistant to damage.
You can heal yourself by infusing magical energy.
You passively map a small area around you.
You do not regenerate.


   Skills:
 - Level 2.6 Fighting
 + Level 2.5 Axes
 - Level 3.2 Armour
 - Level 3.2 Shields


You couldn't memorise any spells.
You didn't know any spells.
Your spell library was empty.

Inventory:

Hand Weapons
 a - a +0 war axe (weapon) {axe}
Armour
 b - a +0 scale mail (worn)
 c - a +0 kite shield (worn)
Potions
 d - a potion of might
 e - a potion of magic {unknown}

Dungeon Overview and Level Annotations

Branches:
Dungeon (2/15)

Altars:

, , #......###.#####.... , *
#.####..†.........#. ,
#...######.#####.... , , , *
###.# #.#####.#.# , #.#
#.......#.# #.# #########..
#.# * #.. * #####.#### , #..
#....@.$.# #.. , ,
,#..##.#..# ##. , ,
#.....K.#.#... #. .......w..
.*... ,,* #. , ..........b.#
..,, #### , , ####++####..#
. ,,, #... *##....###..#
#### * #.## , #......##...
..# #.#* *
,,,##.8..8.##..##*#.#####.##


You could see a dart slug and a kobold.


Message History

🤖 Initializing magus.rc ...
Options error: Delay interrupt name "hungry" not recognised. (~/.crawlrc:4781) ✅ Successfully initialized magus.rc [v1.9.6] Welcome, Sobieck the Deep Dwarf Fighter.
Will you be the one to retrieve the transcendent Orb of Zot from the depths?
Press ? for a list of commands and other information.
Found an escape hatch in the floor.
Found a staircase leading out of the dungeon.
Setting a skill training target for Axes at 16.0.
There is an escape hatch in the floor here.
As you open the door, it creaks loudly!
There is an open door here.
e - a fuming green potion You open the door.
Found a stone staircase leading down.
(D) Dungeon
Where to? (? - help)
There is an open door here.
There is a stone staircase leading down here.
You climb downwards.
There is a stone staircase leading up here.
You climb upwards.
There is a stone staircase leading down here.
A ball python comes into view.
You hit the ball python.
You kill the ball python!
No target in view!
You see here a ball python corpse.
An endoplasm comes into view.
The endoplasm quivers.
Your shield and scale mail prevent you from hitting the endoplasm.
The endoplasm freezes you.
You are frozen. 😕 HP[-2]
You take 2 damage, and now have 18/20 hp.
You slash the endoplasm!
You kill the endoplasm!
No target in view!
A frilled lizard comes into view.
The frilled lizard hisses angrily.
The frilled lizard moves out of view.
A frilled lizard is nearby!
A bat and a kobold come into view.
The kobold is wielding a +0 whip of venom.
The kobold shouts!
You closely miss the frilled lizard. The bat hits you but does no damage.
The frilled lizard bites you. You block the bat's attack.
You miss the bat. You miss the frilled lizard. You block the bat's attack.
The frilled lizard bites you but does no damage.
The bat hits you but does no damage. You block the frilled lizard's attack.
You barely miss the bat. You closely miss the frilled lizard.
The bat hits you but does no damage.
A dart slug comes into view.
The frilled lizard bites you but does no damage.
The frilled lizard bites you.
The kobold hits you with a +0 whip of venom.
You are poisoned. 😕 HP[-2]
You take 2 damage, and now have 16/20 hp.
You hit the kobold. You closely miss the frilled lizard.
You block the kobold's attack.
The frilled lizard bites you but does no damage.
You hit the kobold but do no damage. You closely miss the frilled lizard.
The kobold hits you with a +0 whip of venom.
You are more poisoned.
The frilled lizard bites you but does no damage.
You block the frilled lizard's attack.
The kobold hits you with a +0 whip of venom.
You are more poisoned. 😮 HP[-3]
You take 3 damage, and now have 13/20 hp.
You barely miss the frilled lizard. You closely miss the kobold.
You feel very sick. The kobold barely misses you.
The frilled lizard barely misses you. 😨 HP[-6]
You take 6 damage, and now have 7/20 hp.
MASSIVE DAMAGE!! (PAUSE)
Your shield prevents you from hitting the kobold.
You hit the frilled lizard.
You kill the frilled lizard!
You block the bat's attack. The kobold closely misses you.
The kobold hits you with a +0 whip of venom.
* * * LOW HITPOINT WARNING * * *
You are more poisoned. 😱 HP[-2]
You take 2 damage, and now have 5/20 hp.
You fail to use your ability.
The bat closely misses you. The kobold hits you but does no damage.
You are lethally poisoned!
You die...

Action                   || total
-------------------------++-------
Melee: War axe           ||    10
Armor: Scale mail        ||     8
Dodge: Dodged            ||     4
Block: Kite shield       ||     6

Levels and vault maps discovered:
D:1:      dpeg_arrival_refuge, layout_loops_cross, patterned_corridor
D:2:      layout_basic, basic_altar, basic_ecumenical_altar, uniq_robin

Notes
Turn   | Place    | Note
-------+----------+-------------------------------------------
     0 | D:1      | Sobieck the Deep Dwarf Fighter began the quest for the Orb.
     0 | D:1      | Reached XP level 1. HP: 20/20 MP: 1/1
     0 | D:1      | magus.rc [v1.9.6]
   116 | D:1      | HP: 5/20 [kobold (2)]
   118 | D:1      | Succumbed to a kobold's poison

Vanquished Creatures
  A ball python (D:1)
  An endoplasm (D:1)
  A frilled lizard (D:1)
3 creatures vanquished.

Table legend:
 A = Non-vault XP
 B = Vault XP
 C = Vault XP percentage of total XP
 D = Non-vault monster count
 E = Vault monster count
 F = Vault count percentage of total count
                 A         B        C        D         E       F
            +---------+---------+-------+---------+---------+-------
      Total |       5 |       0 |   0.0 |       3 |       0 |   0.0
            +---------+---------+-------+---------+---------+-------
        D:1 |       5 |       0 |   0.0 |       3 |       0 |   0.0
            +---------+---------+-------+---------+---------+-------

Illustrated notes

Table legend:
 A = Kills in this place as a percentage of kills in entire the game.
 B = Kills by you in this place as a percentage of kills by you in the entire game.
 C = Kills by friends in this place as a percentage of kills by friends in the entire game.
 D = Other kills in this place as a percentage of other kills in the entire game.
 E = Experience gained in this place as a percentage of experience gained in the entire game.
 F = Experience gained in this place divided by the number of levels of this place that you have seen.
                   A       B       C       D       E      F
               +-------+-------+-------+-------+-------+----------------------
         Total | 100.0 | 100.0 |   N/A |   N/A | 100.0 |   2.5
       Dungeon | 100.0 | 100.0 |   N/A |   N/A | 100.0 |   2.5
               +-------+-------+-------+-------+-------+----------------------

Table legend: (Time is in decaauts)
 A = Elapsed time spent in this place.
 B = Non-inter-level travel time spent in this place.
 C = Inter-level travel time spent in this place.
 D = Time resting spent in this place.
 E = Time spent auto-exploring this place.
 F = Levels seen in this place.
 G = Mean time per level.
                   A        B        C        D        E       F      G
               +--------+--------+--------+--------+--------+-----+--------+
         Total |    124 |    117 |      7 |      0 |     89 |   2 |   62.0 |
       Dungeon |    124 |    117 |      7 |      0 |     89 |   2 |   62.0 |
               +--------+--------+--------+--------+--------+-----+--------+

Top non-repeatable levels by time:
     D:1: 122 daAuts
     D:2: 1 daAuts
